 Dungeon Crawl Stone Soup version 0.29.0-4-gdea44cf6ec (webtiles) character file.

Game seed: 13424694070484227947

1101 qw the Cleaver (level 8, -1/47 HPs)
             Began as a Tengu Warper on Aug 28, 2022.
             Was an Initiate of Okawaru.
             Slain by an orc
             ... wielding a +0 trident
              (3 damage)
             ... on level 5 of the Dungeon.
             The game lasted 00:00:43 (7331 turns).

qw the Cleaver (Tengu Warper)                       Turns: 7331, Time: 00:00:43

Health: -1/47      AC: 25    Str: 14    XL:     8   Next: 32%
Magic:  12/12      EV:  5    Int: 14    God:    Okawaru [......]
Gold:   327        SH:  0    Dex: 13    Spells: 11/11 levels left

rFire   . . .      SeeInvis .   Y - +0 hand axe (protect)
rCold   . . .      Faith    .   (no shield)
rNeg    . . .      Spirit   .   a - +0 plate armour
rPois   +          Reflect  .   (helmet restricted)
rElec   .          Harm     .   m - +0 cloak
rCorr   .          Rampage  .   b - +0 pair of gloves
Will    .....                   (boots unavailable)
Stlth   ..........              (no amulet)
HPRegen 0.15/turn               i - +4 ring of protection
MPRegen 0.13/turn               h - ring of poison resistance

@: under a protective aura, flying quickly and evasively, quick
A: beak, talons 3, nimble flight
a: Renounce Religion


You were on level 5 of the Dungeon.
You worshipped Okawaru.
Okawaru was noncommittal.
You visited 2 branches of the dungeon, and saw 6 of its levels.

You collected 327 gold pieces.


Innate Abilities, Weirdness & Mutations

You have a beak for a mouth.
You have claws for feet.
Your magical nature lets you fly swiftly and evasively.


   Skills:
 + Level 3.6 Fighting
 - Level 9.1 Axes
 - Level 1.0 Throwing
 - Level 4.3 Armour
 - Level 2.1 Dodging
 - Level 2.0 Spellcasting
 - Level 2.4 Translocations


You had 11 spell levels left.
You didn't know any spells.
Your spell library contained the following spells:

 Spells                   Type           Power      Damage    Failure   Level
 Blink                    Tloc           16%        N/A       100%        2
 Gell's Gravitas          Tloc           8%         N/A       100%        3
 Lesser Beckoning         Tloc           8%         N/A       100%        3
 Teleport Other           Tloc           8%         N/A       100%        3
 Manifold Assault         Tloc           8%         N/A       100%        5

Inventory:

Hand Weapons
 c - a +0 flail
 Y - a +0 hand axe of protection (weapon)
Missiles
 k - 2 boomerangs (quivered)
Armour
 a - a +0 plate armour (worn)
 b - a +0 pair of gloves (worn)
 m - a +0 cloak (worn)
Jewellery
 h - a ring of poison resistance (right hand)
 i - a +4 ring of protection (left hand)
Scrolls
 d - a scroll of identify
Potions
 e - a potion of attraction {unknown}
 f - 2 potions of berserk rage {unknown}
 l - a potion of might {unknown}

Dungeon Overview and Level Annotations

Branches:
Dungeon (5/15)             Temple (1/1) D:4

Altars:
Elyvilon
Fedhas
Gozag
Hepliaklqana
Kikubaaqudgha
Makhleb
Nemelex Xobeh
Okawaru
Qazlal
Ru
Uskayaw
Vehumet
Wu Jian
Xom
Yredelemnul
Zin
The Shining One

Annotations:
D:3 3 runed translucent doors, qw's ghost, amateur TeWr


Message History

The orc warrior is healed!
The hound bites you but does no damage.
You hit the orc warrior but do no damage.
You claw the orc warrior, but do no damage.
The orc warrior is severely wounded.
You hit the hound.
The orc warrior hits you with a +0 dire flail.
The hound bites you but does no damage.
You hit the orc warrior but do no damage.
You peck the orc warrior, but do no damage.
The orc warrior is severely wounded.
You hit the hound but do no damage. The hound bites you but does no damage.
The orc warrior hits you with a +0 dire flail!
You hit the orc warrior but do no damage.
Your kick misses the orc warrior.
The orc warrior is severely wounded.
You completely miss the hound. The hound bites you but does no damage.
The orc warrior hits you with a +0 dire flail!
The hound barely misses you.
You barely miss the orc warrior.
You claw the orc warrior, but do no damage.
The orc warrior is severely wounded.
You hit the hound. The hound bites you but does no damage.
The orc warrior hits you but does no damage.
You hit the orc warrior but do no damage.
Your kick misses the orc warrior. Your peck misses the orc warrior.
The orc warrior is severely wounded.
You closely miss the hound. The hound barely misses you.
The orc hits you but does no damage.
The orc warrior hits you but does no damage.
You barely miss the orc warrior.
You claw the orc warrior, but do no damage.
Your peck misses the orc warrior.
The orc warrior is severely wounded.
You hit the hound. The hound bites you but does no damage.
The orc hits you from afar with a +0 trident.
You die...

#.............# #............#
#.# ####.#.#.......# #..
....._....%...# #...
#..#.#...### ..... #........#.#
.....# ###o........###
.....$##.hoo...>.....#
#........@#..^......##
#.......###..###..## #.
.#....##.#....###..# ..
.......#......##...##... ##..
####.##.###........%....... #...
#.......###.....##.#.......
....##.......#.#.....##..#......
....#................##..#......
....:....##...........##........


You could see an orc warrior, a hound and 2 orcs.

Vanquished Creatures
  Grinder (D:3)
  A water moccasin (D:4)
  An ogre (D:4)
  A centaur (D:4)
  A phantom (D:4)
  A bullfrog (D:4)
  3 scorpions
  A hound (D:4)
  An orc priest (D:4)
  A jelly (D:4)
  An orc wizard (D:3)
  Robin (D:2)
  7 adders
  A worm (D:3)
  4 dart slugs
  13 orcs
  6 ball pythons
  4 bats
  7 endoplasms
  6 giant cockroaches
  17 goblins
  12 hobgoblins
  3 jackals (D:1)
  7 kobolds
  3 quokkas
  5 frilled lizards
  10 rats
119 creatures vanquished.

Vanquished Creatures (others)
  A goblin (D:2)
1 creature vanquished.

Grand Total: 120 creatures vanquished

Notes
Turn   | Place    | Note
-------+----------+-------------------------------------------
     0 | D:1      | qw the Tengu Warper began the quest for the Orb.
     0 | D:1      | Reached XP level 1. HP: 12/12 MP: 4/4
     0 | D:1      | 0 ||| qw: Version: 0.1-a-89-g26bdef1
     0 | D:1      | 0 ||| qw: Game counter: 712
     0 | D:1      | 0 ||| qw: Always use a shield: true
     0 | D:1      | 0 ||| qw: God list: Okawaru
     0 | D:1      | 0 ||| qw: Allow faded altars: false
     0 | D:1      | 0 ||| qw: Do Orc after D:15 true
     0 | D:1      | 0 ||| qw: Do second Lair branch before Depths: true
     0 | D:1      | 0 ||| qw: Lair rune preference: random
     0 | D:1      | 0 ||| qw: Plans: Normal
     0 | D:1      | 0 ||| PLANNING D:1-11
    95 | D:1      | HP: 3/12 [bat (1)]
   101 | D:1      | Reached XP level 2. HP: 5/17 MP: 6/6
   326 | D:1      | Found a faded altar of an unknown god.
   363 | D:1      | Reached skill level 3 in Axes
   580 | D:1      | 580 ||| Stepping ~*~*~tactically~*~*~ (stealth).
   723 | D:1      | Reached XP level 3. HP: 19/21 MP: 7/7
  1002 | D:1      | 1002 ||| UPGRADING to +0 cloak.
  1007 | D:1      | 1007 ||| READING scroll labelled FAOZXI FUSTUO.
  1011 | D:1      | 1011 ||| READING scroll labelled DAOQIMP GOGAUF.
  1012 | D:1      | 1012 ||| READING scroll labelled REDEED BEREFRO.
  1013 | D:1      | 1013 ||| READING scroll labelled HEYKKU ZEFAF.
  1014 | D:1      | 1014 ||| READING scroll labelled BIUDIRABAPN.
  1015 | D:1      | 1015 ||| DRINKING 2 purple potions.
  1016 | D:1      | 1016 ||| DRINKING 2 blue potions.
  1017 | D:1      | 1017 ||| DROPPING scroll of blinking.
  1018 | D:1      | 1018 ||| Stepping randomly (stuck).
  1019 | D:1      | 1019 ||| Stepping ~*~*~tactically~*~*~ (cloud).
  1020 | D:1      | 1020 ||| DRINKING potion of curing.
  1020 | D:1      | 1020 ||| (to cure poison)
  1085 | D:2      | Noticed Robin
  1086 | D:2      | Reached skill level 4 in Axes
  1096 | D:2      | Killed Robin
  1110 | D:2      | 1110 ||| FLEEEEING.
  1113 | D:2      | 1113 ||| STAIRDANCE
  1306 | D:1      | 1306 ||| READING scroll labelled AME YV TESICIH.
  1325 | D:2      | Reached XP level 4. HP: 24/26 MP: 8/8
  1625 | D:2      | Reached skill level 5 in Axes
  1705 | D:2      | 1705 ||| Stepping ~*~*~tactically~*~*~ (hiding).
  1807 | D:2      | 1807 ||| Stepping ~*~*~tactically~*~*~ (hiding).
  1909 | D:2      | 1909 ||| Stepping ~*~*~tactically~*~*~ (hiding).
  2011 | D:2      | 2011 ||| Stepping ~*~*~tactically~*~*~ (hiding).
  2098 | D:2      | 2098 ||| Stepping ~*~*~tactically~*~*~ (hiding).
  2397 | D:2      | 2397 ||| UPGRADING to +0 plate armour.
  2407 | D:2      | 2407 ||| DROPPING +0 leather armour.
  2408 | D:2      | 2408 ||| UPGRADING to +4 ring of protection.
  2409 | D:2      | 2409 ||| READING 3 scrolls labelled XYFEIRCH CYRA.
  2410 | D:2      | 2410 ||| DROPPING 2 scrolls of immolation.
  2432 | D:3      | 2432 ||| STAIRDANCE
  2648 | D:3      | 2648 ||| Stepping ~*~*~tactically~*~*~ (stealth).
  2656 | D:3      | 2656 ||| Stepping ~*~*~tactically~*~*~ (hiding).
  2661 | D:3      | HP: 2/26 [disintegration (12)]
  2662 | D:3      | 2662 ||| READING scroll of teleportation.
  2663 | D:3      | 2663 ||| DRINKING potion of heal wounds.
  2723 | D:3      | Found a runed translucent gate.
  2723 | D:3      | Found a runed translucent gate.
  2723 | D:3      | Found a runed translucent gate.
  2812 | D:3      | 2812 ||| DROPPING +0 club.
  2943 | D:3      | 2943 ||| Stepping ~*~*~tactically~*~*~ (stealth).
  2960 | D:3      | 2960 ||| Stepping ~*~*~tactically~*~*~ (hiding).
  2962 | D:3      | 2962 ||| Stepping ~*~*~tactically~*~*~ (hiding).
  3008 | D:3      | 3008 ||| Stepping ~*~*~tactically~*~*~ (stealth).
  3013 | D:3      | Gained mutation: Your magical nature lets you fly swiftly
                  | and evasively. [Tengu growth]
  3013 | D:3      | Reached XP level 5. HP: 30/30 MP: 9/9
  3016 | D:3      | 3016 ||| Stepping ~*~*~tactically~*~*~ (stealth).
  3017 | D:3      | 3017 ||| Stepping ~*~*~tactically~*~*~ (stealth).
  3021 | D:3      | 3021 ||| Stepping ~*~*~tactically~*~*~ (stealth).
  3022 | D:3      | 3022 ||| Stepping ~*~*~tactically~*~*~ (stealth).
  3026 | D:3      | HP: 5/30 [disintegration (19)]
  3355 | D:3      | Noticed qw's ghost (amateur TeWr)
  3369 | D:3      | Noticed Grinder
  3385 | D:3      | 3385 ||| FLEEEEING.
  3386 | D:3      | 3386 ||| FLEEEEING.
  3387 | D:3      | 3387 ||| FLEEEEING.
  3388 | D:3      | 3388 ||| FLEEEEING.
  3389 | D:3      | 3389 ||| FLEEEEING.
  3390 | D:3      | 3390 ||| FLEEEEING.
  3401 | D:3      | 3401 ||| FLEEEEING.
  3413 | D:3      | 3413 ||| FLEEEEING.
  3414 | D:3      | 3414 ||| FLEEEEING.
  3415 | D:3      | 3415 ||| FLEEEEING.
  3416 | D:3      | 3416 ||| FLEEEEING.
  3429 | D:3      | 3429 ||| FLEEEEING.
  3430 | D:3      | 3430 ||| FLEEEEING.
  3431 | D:3      | 3431 ||| FLEEEEING.
  3432 | D:3      | 3432 ||| FLEEEEING.
  3433 | D:3      | 3433 ||| FLEEEEING.
  3434 | D:3      | 3434 ||| FLEEEEING.
  3435 | D:3      | 3435 ||| FLEEEEING.
  3437 | D:3      | 3437 ||| FLEEEEING.
  3438 | D:3      | 3438 ||| FLEEEEING.
  3439 | D:3      | 3439 ||| FLEEEEING.
  3456 | D:3      | 3456 ||| FLEEEEING.
  3457 | D:3      | 3457 ||| FLEEEEING.
  3458 | D:3      | 3458 ||| FLEEEEING.
  3459 | D:3      | 3459 ||| FLEEEEING.
  3460 | D:3      | 3460 ||| FLEEEEING.
  3461 | D:3      | 3461 ||| FLEEEEING.
  3462 | D:3      | 3462 ||| FLEEEEING.
  3463 | D:3      | 3463 ||| FLEEEEING.
  3474 | D:3      | 3474 ||| FLEEEEING.
  3481 | D:3      | Paralysed by Grinder for 3 turns
  3489 | D:3      | Paralysed by Grinder for 5 turns
  3493 | D:3      | HP: 7/30 [Grinder (2)]
  3494 | D:3      | 3494 ||| READING scroll of teleportation.
  4038 | D:3      | Paralysed by Grinder for 2 turns
  4045 | D:3      | 4045 ||| Stepping ~*~*~tactically~*~*~ (hiding).
  4055 | D:3      | 4055 ||| FLEEEEING.
  4064 | D:3      | 4064 ||| FLEEEEING.
  4065 | D:3      | 4065 ||| FLEEEEING.
  4066 | D:3      | 4066 ||| FLEEEEING.
  4067 | D:3      | 4067 ||| FLEEEEING.
  4068 | D:3      | 4068 ||| FLEEEEING.
  4069 | D:3      | 4069 ||| FLEEEEING.
  4070 | D:3      | 4070 ||| FLEEEEING.
  4071 | D:3      | 4071 ||| FLEEEEING.
  4072 | D:3      | 4072 ||| STAIRDANCE
  4094 | D:2      | 4094 ||| UPGRADING to ring of poison resistance.
  4095 | D:2      | 4095 ||| DRINKING 2 fizzy cyan potions.
  4096 | D:2      | 4096 ||| DROPPING potion of degeneration.
  4112 | D:3      | HP: 7/30 [Grinder (4)]
  4113 | D:3      | 4113 ||| READING scroll of teleportation.
  4115 | D:3      | 4115 ||| FLEEEEING.
  4117 | D:3      | 4117 ||| STAIRDANCE
  4341 | D:3      | Paralysed by Grinder for 2 turns
  4345 | D:3      | 4345 ||| Stepping ~*~*~tactically~*~*~ (hiding).
  4353 | D:3      | Paralysed by Grinder for 4 turns
  4362 | D:3      | Paralysed by Grinder for 3 turns
  4366 | D:3      | 4366 ||| FLEEEEING.
  4367 | D:3      | 4367 ||| FLEEEEING.
  4369 | D:3      | 4369 ||| STAIRDANCE
  4581 | D:3      | Paralysed by Grinder for 2 turns
  4607 | D:3      | HP: 7/30 [Grinder (6)]
  4608 | D:3      | Killed Grinder
  4609 | D:3      | Reached skill level 7 in Axes
  4609 | D:3      | Reached XP level 6. HP: 8/35 MP: 10/10
  4999 | D:3      | 4999 ||| DRINKING 2 potions of curing.
  4999 | D:3      | 4999 ||| (to cure confusion)
  5001 | D:3      | 5001 ||| DRINKING potion of curing.
  5001 | D:3      | 5001 ||| (to cure confusion)
  5286 | D:3      | 5286 ||| DROPPING scarf of shadows.
  5287 | D:3      | 5287 ||| READING scroll labelled YJAGGA ILORAXO.
  5327 | D:4      | Reached skill level 3 in Armour
  5327 | D:4      | 5327 ||| FLEEEEING.
  5328 | D:4      | 5328 ||| FLEEEEING.
  5329 | D:4      | 5329 ||| FLEEEEING.
  5330 | D:4      | 5330 ||| FLEEEEING.
  5331 | D:4      | 5331 ||| FLEEEEING.
  5332 | D:4      | 5332 ||| FLEEEEING.
  5333 | D:4      | 5333 ||| FLEEEEING.
  5334 | D:4      | 5334 ||| FLEEEEING.
  5335 | D:4      | 5335 ||| STAIRDANCE
  5634 | D:4      | 5634 ||| Stepping ~*~*~tactically~*~*~ (stealth).
  5635 | D:4      | 5635 ||| Stepping ~*~*~tactically~*~*~ (stealth).
  5774 | D:4      | Reached XP level 7. HP: 40/40 MP: 11/11
  5781 | D:4      | Reached skill level 3 in Fighting
  5806 | D:4      | 5806 ||| Stepping ~*~*~tactically~*~*~ (hiding).
  5919 | D:4      | 5919 ||| Stepping ~*~*~tactically~*~*~ (stealth).
  5943 | D:4      | HP: 10/41 [goblin/+0 club (1)]
  5944 | D:4      | 5944 ||| DRINKING potion of heal wounds.
  5948 | D:4      | Reached skill level 8 in Axes
  6026 | D:4      | 6026 ||| Stepping ~*~*~tactically~*~*~ (hiding).
  6151 | D:4      | 6151 ||| Stepping ~*~*~tactically~*~*~ (stealth).
  6154 | D:4      | 6154 ||| Stepping ~*~*~tactically~*~*~ (stealth).
  6342 | D:4      | Reached skill level 9 in Axes
  6342 | D:4      | Reached XP level 8. HP: 17/46 MP: 12/12
  6726 | D:4      | Found a staircase to the Ecumenical Temple.
  6727 | D:4      | 6727 ||| PLANNING TEMPLE
  6727 | D:4      | 6727 ||| UPGRADING to +0 pair of gloves.
  6732 | D:4      | 6732 ||| READING scroll labelled ALOBEC ELACIGUCS.
  6733 | D:4      | 6733 ||| READING scroll labelled XOUSUITWANI.
  6735 | D:4      | 6735 ||| DRINKING 2 metallic clear potions.
  6736 | D:4      | 6736 ||| DROPPING potion of flight.
  6745 | Temple   | Entered the Ecumenical Temple
  6752 | Temple   | Became a worshipper of Warmaster Okawaru
  6753 | Temple   | 6753 ||| Stepping randomly (stuck).
  6754 | Temple   | 6754 ||| PLANNING D:1-11
  6773 | D:4      | Found a basalt altar of Yredelemnul.
  7070 | D:4      | 7070 ||| DRINKING 2 black potions.
  7113 | D:4      | 7113 ||| DROPPING potion of lignification.
  7135 | D:5      | Entered Level 5 of the Dungeon
  7186 | D:5      | Found an opulent altar of Gozag.
  7272 | D:5      | 7272 ||| FLEEEEING.
  7273 | D:5      | 7273 ||| FLEEEEING.
  7314 | D:5      | 7314 ||| Stepping ~*~*~tactically~*~*~ (hiding).
  7328 | D:5      | HP: 1/47 [orc warrior/+0 dire flail (13)]
  7331 | D:5      | Slain by an orc

Levels and vault maps discovered:
D:1:      dpeg_arrival_three_bigger_balls, layout_rooms,
          hellmonk_ecumenical_altar_pennies_from_heaven
D:2:      layout_loops_ring, uniq_robin
D:3:      minmay_angry_zag, layout_basic, ebering_ghost_rock_garden,
          uniq_grinder
D:4:      layout_basic, mainiacjoe_overflow_brackets, temple_fountains,
          nzn_random_ring
D:5:      layout_cave_pools, lemuel_crystal_altar
Temple:   nicolae_temple_no_exploring_needed

Skill      XL: |  1  2  3  4  5  6  7  8 |
---------------+-------------------------+-----
Axes           | 3 4 5 7 9 |  9.1
Armour         | 2 3 4 |  4.3
Fighting       | 3 |  3.6
Throwing       | |  1.0
Dodging        | |  2.1
Spellcasting   | |  2.0
Translocations | |  2.4

Action                   |  1- 3 |  4- 6 |  7- 9 || total
-------------------------+-------+-------+-------++-------
Melee: Hand axe          |    91 |   202 |   131 ||   424
       Kick              |    17 |    54 |    41 ||   112
       Peck              |    12 |    26 |    27 ||    65
       Punch             |       |     1 |     1 ||     2
Throw: Boomerang         |     7 |    15 |    21 ||    43
  Use: Scroll            |     6 |     5 |     2 ||    13
       Potion            |     3 |     4 |     3 ||    10
Armor: Leather armour    |    32 |     6 |       ||    38
       Plate armour      |       |   106 |   103 ||   209
Dodge: Dodged            |    46 |    38 |    32 ||   116

Table legend:
 A = Non-vault XP
 B = Vault XP
 C = Vault XP percentage of total XP
 D = Non-vault monster count
 E = Vault monster count
 F = Vault count percentage of total count
                 A         B        C        D         E       F
            +---------+---------+-------+---------+---------+-------
      Total |     803 |     770 |  49.0 |      81 |      38 |  31.9
            +---------+---------+-------+---------+---------+-------
        D:1 |      44 |       0 |   0.0 |      26 |       0 |   0.0
        D:2 |      50 |      33 |  39.8 |      14 |      11 |  44.0
        D:3 |      95 |     302 |  76.1 |      22 |       7 |  24.1
        D:4 |     514 |     435 |  45.8 |      17 |      20 |  54.1
        D:5 |     100 |       0 |   0.0 |       2 |       0 |   0.0
            +---------+---------+-------+---------+---------+-------
